 Dungeon Crawl Stone Soup version 0.31-a0-208-gdb31a4691d (webtiles) character file.

Game seed: 407146859336812036

6 COSMALAD the Ruffian (level 1, -3/16 HPs)
             Began as a Draconian Transmuter on June 28, 2023.
             Frozen to death by an endoplasm (5 damage)
             ... on level 1 of the Dungeon.
             The game lasted 00:03:56 (163 turns).

COSMALAD the Ruffian (Draconian Transmuter)          Turns: 163, Time: 00:03:57

Health: -3/16      AC:  4    Str: 12    XL:     1   Next: 75%
Magic:  3/3        EV: 12    Int: 13    God:
Gold:   0          SH:  0    Dex: 11    Spells: 3/4 levels left

rFire   . .          .
                       - Unarmed
rCold   . . .        (no shield)
rNeg    . . .        (body armour unavailable)
rPois   .            (helmet restricted)
rElec   .            (no cloak)
rCorr   .            (no gloves)
SInv    .            (no boots)
Will    .....        (no amulet)
Stlth   +            (no ring)
HPRegen 0.22/turn    (no ring)
MPRegen 0.08/turn

%: no passive effects
@: no status effects
A: AC +4, unfitting armour, cold-blooded
a: no special abilities


You were on level 1 of the Dungeon.
You visited 1 branch of the dungeon, and saw 1 of its levels.

Inventory:

Hand Weapons
 c - a +0 short sword
 e - a +0 dagger
Missiles
 d - 3 stones
Scrolls
 b - a scroll of teleportation {unknown}
Potions
 a - a potion of lignification


   Skills:
 + Level 1.1 Fighting
 + Level 1.7 Dodging
 + Level 3.3 Unarmed Combat
 + Level 2.1 Spellcasting
 + Level 2.0 Transmutations


You had 3 spell levels left.
You knew the following spells:

 Your Spells              Type           Power      Damage    Failure   Level
a - Beastly Appendage     Tmut           12%        N/A       11%         1

Your spell library contained the following spells:

 Spells                   Type           Power      Damage    Failure   Level
 Wereblood                Tmut           6%         N/A       17%         2
 Magic Dart               Conj           4%         1d3       26%         1
 Call Imp                 Summ           2%         N/A       36%         2
 Spider Form              Tmut/Pois      4%         N/A       45%         3
 Mephitic Cloud           Conj/Pois/Air  1%         N/A       58%         3
 Ice Form                 Ice/Tmut       4%         N/A       86%         4


Dungeon Overview and Level Annotations

Branches:
Dungeon (1/15)

Altars:


Innate Abilities, Weirdness & Mutations

Your plain brown scales are hard. (AC +4)
You cannot fit into any form of body armour.
You are cold-blooded and may be slowed by cold attacks.


Message History

The jackal closely misses you.
You barely miss the jackal.
The jackal is moderately wounded.
The jackal closely misses you. x2; The jackal bites you.
The jackal misses you.
You hit the jackal.
You kill the jackal!
The bat closely misses you.
The jackal bites you but does no damage.
The bat hits you but does no damage.
You miss the bat. The bat barely misses you.
The jackal bites you but does no damage.
The endoplasm closely misses you.
The jackal bites you but does no damage.
The jackal bites you but does no damage.
The bat completely misses you. The endoplasm freezes you.
You are frozen.
You feel yourself slow down.
You see here a jackal corpse.
You hit the jackal.
The jackal is lightly wounded.
The bat closely misses you. The jackal misses you.
The endoplasm completely misses you. The jackal barely misses you.
You barely miss the jackal.
Your tail-slap misses the jackal.
The jackal is lightly wounded.
The bat misses you.
The jackal bites you but does no damage.
The endoplasm hits you but does no damage.
The jackal bites you but does no damage.
The endoplasm barely misses you.
You hit the jackal.
You kill the jackal!
You feel yourself speed up. The bat barely misses you.
The endoplasm freezes you.
You are frozen.
* * * LOW HITPOINT WARNING * * *
You barely miss the endoplasm. The bat completely misses you.
The endoplasm freezes you.
You are frozen.
You die...

#.#..$.!..#.##.##. #.##.#
.#..#.....##..#.#. #.##.#
.(.##...##..#...# ##.....
###..##.##..##...# #......
......##†..# #...# ##.##..#
#.......####...#####...#..#
##.....#.......†...........#
...........b.J...........####
###.....#...@...............#
.....####.####...#####......#
###.. ...# #...# ##.##..# ##
##### #.....# #.#.... ##...##
#.#.##. ##.## #...... ...
###.### ... #.# .... #.#


You could see an endoplasm and a bat.

Vanquished Creatures
  A goblin (D:1)
  2 jackals (D:1)
  A ball python (D:1)
  A kobold (D:1)
  A rat (D:1)
6 creatures vanquished.

Notes
Turn   | Place    | Note
-------+----------+-------------------------------------------
     0 | D:1      | COSMALAD the Draconian Transmuter began the quest for the
                  | Orb.
     0 | D:1      | Reached XP level 1. HP: 16/16 MP: 3/3
   163 | D:1      | Frozen to death by an endoplasm

Illustrated notes

Levels and vault maps discovered:
D:1:      dpeg_arrival_erosion, layout_loops_cross, minmay_heptomino_w4

Action                     || total
---------------------------++-------
  Melee: Unarmed           ||    20
 Armour: Skin              ||    23
  Dodge: Dodged            ||    38

Table legend: (Time is in decaauts)
 A = Elapsed time spent in this place.
 B = Non-inter-level travel time spent in this place.
 C = Inter-level travel time spent in this place.
 D = Time resting spent in this place.
 E = Time spent auto-exploring this place.
 F = Levels seen in this place.
 G = Mean time per level.
                   A        B        C        D        E       F      G
               +--------+--------+--------+--------+--------+-----+--------+
         Total |    163 |     75 |     88 |      0 |      0 |   1 |  163.0 |
       Dungeon |    163 |     75 |     88 |      0 |      0 |   1 |  163.0 |
               +--------+--------+--------+--------+--------+-----+--------+

Top non-repeatable levels by time:
     D:1: 163 daAuts
